[Event "DVM U10 2024"]
[Site "Duesseldorf"]
[Date "2024.12.28"]
[Round "5"]
[White "Roppel, Alexander"]
[Black "Rogozhin, Georg"]
[Result "0-1"]
[ECO "C50"]
[WhiteElo "954"]
[BlackElo "1232"]
[Annotator "NA RC"]
[PlyCount "60"]
[EventDate "2024.12.23"]
[EventType "team-tourn"]
[EventRounds "7"]
[EventCountry "GER"]
[SourceTitle "playchess.com"]
[Source "ChessBase"]
[SourceQuality "1"]
[TimeControl "3300+5"]

1. e4 e5 2. Nf3 Nc6 3. Bc4 Bc5 4. d3 d6 5. h3 Nf6 6. O-O h6 7. Nc3 O-O 8. Nh4 Be6 9. Bxe6 fxe6 10. Qf3 Nh7 11. Qg3 Nd4 12. Bxh6 Qf6 13. Ng6 Rf7 14. Nh4 Qxh6 15. Ng6 Ng5 16. Nh4 Bb4 17. Na4 Ne2+ 18. Kh2 Nxg3 19. fxg3 Rxf1 20. Rxf1 Rf8 21. Rd1 d5 22. c3 Be7 23. exd5 exd5 24. Re1 Bd6 25. c4 e4 26. c5 Be5 27. c6 bxc6 28. Nc5 Qxh4 29. Nd7 Qxg3+ 30. Kg1 Qh2# 0-1

[Event "DVM U10 2024"]
[Site "Duesseldorf"]
[Date "2024.12.28"]
[Round "5"]
[White "Tong, Minh Huy"]
[Black "Heinig, Arvid"]
[Result "0-1"]
[ECO "C50"]
[WhiteElo "943"]
[BlackElo "1039"]
[Annotator "NA RC"]
[PlyCount "56"]
[EventDate "2024.12.23"]
[EventType "team-tourn"]
[EventRounds "7"]
[EventCountry "GER"]
[SourceTitle "playchess.com"]
[Source "ChessBase"]
[SourceQuality "1"]
[TimeControl "3300+5"]

1. e4 e5 2. Nf3 Nc6 3. Bc4 Nf6 4. d3 Bc5 5. Nc3 d6 6. Bg5 h6 7. Bh4 g5 8. Bg3 Bg4 9. h3 Bh5 10. h4 Nd4 11. hxg5 hxg5 12. a3 Qe7 13. Nd5 Nxd5 14. Bxd5 O-O-O 15. c3 Bxf3 16. Qa4 Rxh1+ 17. Kd2 Rxa1 18. gxf3 Nxf3+ 19. Kc2 Qd7 20. Qc4 Ne1+ 21. Kb3 b5 22. Bb7+ Kxb7 23. Qd5+ c6 24. Qxc5 dxc5 25. Bxe5 c4+ 26. dxc4 bxc4+ 27. Kb4 Qe7+ 28. Kxc4 Qxe5 0-1

[Event "DVM U10 2024"]
[Site "Duesseldorf"]
[Date "2024.12.28"]
[Round "5"]
[White "Krupp, Jonathan"]
[Black "Schubert, Anton"]
[Result "1-0"]
[ECO "C50"]
[WhiteElo "941"]
[BlackElo "824"]
[Annotator "NA RC"]
[PlyCount "101"]
[EventDate "2024.12.23"]
[EventType "team-tourn"]
[EventRounds "7"]
[EventCountry "GER"]
[SourceTitle "playchess.com"]
[Source "ChessBase"]
[SourceQuality "1"]
[TimeControl "3300+5"]

1. e4 e5 2. Nf3 Nc6 3. Bc4 Bc5 4. Nc3 Nf6 5. d3 d6 6. O-O Bg4 7. Be3 Bxe3 8. fxe3 O-O 9. h3 Be6 10. Bb3 Bxb3 11. axb3 d5 12. Ra4 a6 13. Ra1 dxe4 14. Nxe4 Nxe4 15. dxe4 Nb4 16. Rf2 Nc6 17. Rd2 Qc8 18. Ng5 h6 19. Nf3 Rd8 20. Rd5 b6 21. Qd2 Rxd5 22. Qxd5 Qe8 23. Qc4 a5 24. Rd1 Qe6 25. c3 Qxc4 26. bxc4 Ne7 27. Nxe5 f6 28. Rd7 fxe5 29. Rxe7 a4 30. Rxe5 a3 31. bxa3 Rxa3 32. Re7 Ra7 33. e5 Kf8 34. Rd7 g5 35. Kf2 Ke8 36. Rh7 Kd8 37. Kf3 Ra5 38. Ke4 Kc8 39. Kf5 Kb7 40. Kf6 Kc6 41. e6 Ra8 42. Rd7 Rf8+ 43. Kg7 Ra8 44. Rd1 h5 45. e7 b5 46. Rd8 Ra3 47. e8=Q+ Kc5 48. Qe7+ Kc6 49. Qxa3 b4 50. Qxb4 g4 51. Qb5# 1-0

[Event "DVM U10 2024"]
[Site "Duesseldorf"]
[Date "2024.12.28"]
[Round "5"]
[White "Ramkumar, Dhuruvan"]
[Black "Teletskyi, Andrii"]
[Result "1-0"]
[ECO "C54"]
[WhiteElo "924"]
[BlackElo "787"]
[Annotator "NA RC"]
[PlyCount "57"]
[EventDate "2024.12.23"]
[EventType "team-tourn"]
[EventRounds "7"]
[EventCountry "GER"]
[SourceTitle "playchess.com"]
[Source "ChessBase"]
[SourceQuality "1"]
[TimeControl "3300+5"]

1. e4 e5 2. Nf3 Nc6 3. Bc4 Bc5 4. c3 Nf6 5. d4 exd4 6. cxd4 Bb6 7. d5 Ne7 8. e5 Nfg8 9. d6 cxd6 10. exd6 Ng6 11. Ng5 Nh6 12. Qb3 O-O 13. O-O Qf6 14. Ne4 Qf5 15. Nbc3 Re8 16. Ng3 Qf6 17. Bxh6 gxh6 18. a3 Ne5 19. Rad1 Nxc4 20. Qxc4 Re6 21. Nd5 Qxb2 22. Ne7+ Kf8 23. Nxc8 Rxc8 24. Qxc8+ Kg7 25. Nf5+ Kg6 26. Ne7+ Kg7 27. Qg8+ Kf6 28. Qh8+ Kg5 29. Qxb2 1-0

[Event "DVM U10 2024"]
[Site "Duesseldorf"]
[Date "2024.12.28"]
[Round "5"]
[White "Sachse, Alina"]
[Black "Odbayar, Ekhbayar"]
[Result "0-1"]
[ECO "C41"]
[WhiteElo "848"]
[BlackElo "864"]
[Annotator "NA RC"]
[PlyCount "64"]
[EventDate "2024.12.23"]
[EventType "team-tourn"]
[EventRounds "7"]
[EventCountry "GER"]
[SourceTitle "playchess.com"]
[Source "ChessBase"]
[SourceQuality "1"]
[TimeControl "3300+5"]

1. e4 e5 2. Bc4 h6 3. Nf3 d6 4. O-O Be7 5. Nc3 Nf6 6. d3 O-O 7. Bd2 a6 8. Qe2 b5 9. Bd5 Nxd5 10. Nxd5 Bg5 11. Bxg5 hxg5 12. Qe3 g4 13. Nd2 Be6 14. Nc3 Nc6 15. Nf3 gxf3 16. Qxf3 Nd4 17. Qh5 Qf6 18. Rae1 Qh6 19. Qf3 Nxf3+ 20. Kh1 Nxe1 21. Rxe1 Qd2 22. Rf1 Qxc2 23. Nd1 Bxa2 24. Ne3 Qxd3 25. g3 Qxe4+ 26. Kg1 d5 27. Re1 d4 28. b4 dxe3 29. fxe3 Qf3 30. Rf1 Qxe3+ 31. Kh1 Bd5+ 32. Rf3 Bxf3# 0-1

[Event "DVM U10 2024"]
[Site "Duesseldorf"]
[Date "2024.12.28"]
[Round "5"]
[White "Nordmann, Vigo"]
[Black "Raskob, Levi Franziskus"]
[Result "0-1"]
[ECO "C40"]
[WhiteElo "831"]
[BlackElo "840"]
[Annotator "NA RC"]
[PlyCount "110"]
[EventDate "2024.12.23"]
[EventType "team-tourn"]
[EventRounds "7"]
[EventCountry "GER"]
[SourceTitle "playchess.com"]
[Source "ChessBase"]
[SourceQuality "1"]
[TimeControl "3300+5"]

1. e4 e5 2. Nf3 Bb4 3. Bc4 Bc5 4. O-O Qf6 5. d3 d6 6. Qe2 Qg6 7. Nh4 Qf6 8. g3 h5 9. Qf3 Qe7 10. Nc3 Bg4 11. Nd5 Qd7 12. Qg2 Bh3 13. Nxc7+ Kf8 14. Ng6+ fxg6 15. Qf3+ Nf6 16. Ne6+ Ke8 17. Ng5 h4 18. Be6 Bxe6 19. Nxe6 Qxe6 20. Bg5 Qh3 21. Bxf6 hxg3 22. Qxg3 Qxg3+ 23. hxg3 gxf6 24. Kg2 Nc6 25. f3 f5 26. exf5 gxf5 27. Rh1 Ke7 28. f4 exf4 29. gxf4 Rag8+ 30. Kf3 Nd4+ 31. Ke3 Nxc2+ 32. Kd2 Nxa1 33. Rxa1 Rh2+ 34. Kc3 Rg4 35. Re1+ Kd7 36. Rf1 Rhh4 37. b4 Rxf4 38. Rg1 Bxb4+ 39. Kb3 Rh3 40. Rg7+ Kc6 41. Ka4 Bc3+ 42. Kb3 Bxg7 43. Kc2 Rf2+ 44. Kb3 Rxd3+ 45. Kc4 Re3 46. Kb4 Rb2+ 47. Ka4 Rxa2+ 48. Kb4 Re4+ 49. Kb3 Rae2 50. Ka3 Rd4 51. Kb3 Rd3+ 52. Kb4 Re5 53. Ka4 Rd4+ 54. Ka3 Re3+ 55. Ka2 Rd2+ 0-1

[Event "DVM U10 2024"]
[Site "Duesseldorf"]
[Date "2024.12.28"]
[Round "5"]
[White "Möller, Lia Sofie"]
[Black "Sandros Izzi, Diego"]
[Result "0-1"]
[ECO "D00"]
[WhiteElo "829"]
[BlackElo "975"]
[Annotator "NA RC"]
[PlyCount "44"]
[EventDate "2024.12.23"]
[EventType "team-tourn"]
[EventRounds "7"]
[EventCountry "GER"]
[SourceTitle "playchess.com"]
[Source "ChessBase"]
[SourceQuality "1"]
[TimeControl "3300+5"]

1. d4 d5 2. Bf4 c5 3. Nc3 Nc6 4. Nb5 Qa5+ 5. Bd2 Qxb5 6. Nf3 Nf6 7. Bf4 Bg4 8. e3 Qa5+ 9. c3 e6 10. h3 Bxf3 11. Qxf3 cxd4 12. exd4 Nxd4 13. Qe3 Nc2+ 14. Ke2 Nxe3 15. Bxe3 Bc5 16. Bf4 Qb5+ 17. Ke1 Qxb2 18. Rc1 Ne4 19. Be2 Rb8 20. Bxb8 Qxc1+ 21. Bd1 Qd2+ 22. Kf1 Qxf2# 0-1

[Event "DVM U10 2024"]
[Site "Duesseldorf"]
[Date "2024.12.28"]
[Round "5"]
[White "Vogel, Alexander"]
[Black "Schmidt, Fabian"]
[Result "0-1"]
[ECO "D01"]
[WhiteElo "787"]
[BlackElo "1971"]
[Annotator "RC"]
[PlyCount "98"]
[EventDate "2024.12.23"]
[EventType "team-tourn"]
[EventRounds "7"]
[EventCountry "GER"]
[SourceTitle "playchess.com"]
[Source "ChessBase"]
[SourceQuality "1"]
[TimeControl "3300+5"]

1. d4 e6 2. Nf3 Nf6 3. Bg5 Be7 4. Nc3 d5 5. e3 Nbd7 6. Bd3 O-O 7. O-O b6 8. Qd2 Bb7 9. Rfe1 c5 10. dxc5 Nxc5 11. Be2 Nfe4 12. Nxe4 Nxe4 13. Bxe7 Nxd2 14. Bxd8 Nxf3+ 15. Bxf3 Rfxd8 16. e4 dxe4 17. Bxe4 Bxe4 18. Rxe4 Rd2 19. Rc1 Rad8 20. Ree1 Rc8 21. Red1 Rcxc2 22. h3 h6 23. Rxd2 Rxd2 24. Rc7 a5 25. a4 Rxb2 26. Rc8+ Kh7 27. Rc4 Rb4 28. Rc6 Kg6 29. Kf1 Rxa4 30. Rxb6 Rb4 31. Ra6 a4 32. Ke2 Rb2+ 33. Kd3 Rxf2 34. Rxa4 Rxg2 35. Rg4+ Rxg4 36. hxg4 Kg5 37. Ke2 Kxg4 38. Kf2 f5 39. Kg2 h5 40. Kf2 f4 41. Kg2 h4 42. Kg1 e5 43. Kf2 e4 44. Kg2 e3 45. Kf1 h3 46. Kg1 h2+ 47. Kxh2 e2 48. Kg2 e1=Q 49. Kh2 Qe2+ 0-1